 Dungeon Crawl Stone Soup version 0.30-a0-1160-g6e42c06551 (webtiles) character file.

Game seed: 7509967970480773683

604 retardedninja the Firebug (level 7, -4/48 (51) HPs)
             Began as a Gnoll Fire Elementalist on Apr 25, 2023.
             Was an Initiate of Cheibriados.
             Slain by Crazy Yiuf
             ... wielding a +4 quarterstaff of chaos
              (16 damage)
             ... on level 4 of the Dungeon.
             The game lasted 00:09:28 (6590 turns).

retardedninja the Firebug (Gnoll Fire Elementalist) Turns: 6590, Time: 00:09:29

HP:   -4/48 (51)    AC:  2    Str:  9    XL:     7   Next: 42%
MP:   11/15         EV: 14    Int: 17    God:    Cheibriados [......]
Gold: 351           SH:  0    Dex: 13    Spells: 14/17 levels left

rFire   . . .        n - +2 flail (protect)
rCold   . . .        (no shield)
rNeg    . . .        a - +0 robe
rPois   .            (no helmet)
rElec   .            (no cloak)
rCorr   .            (no gloves)
SInv    +            (no boots)
Will    .....        (no amulet)
Stlth   +++          c - ring of flight
HPRegen 0.28/turn    l - ring of see invisible
MPRegen 0.14/turn

%: no passive effects
@: brilliant, flying, very slightly contaminated, drained, very slow
A: fangs 1, strong nose, distributed training
a: Renounce Religion


You were on level 4 of the Dungeon.
You worshipped Cheibriados.
Cheibriados was noncommittal.
You visited 2 branches of the dungeon, and saw 5 of its levels.
You also visited: Ossuary.

You collected 351 gold pieces.

Inventory:

Hand Weapons
 n - a +2 flail of protection (weapon)
Armour
 a - a +0 robe (worn)
 p - a +0 pair of gloves
Jewellery
 c - a ring of flight (left hand)
 l - a ring of see invisible (right hand)
Scrolls
 b - a scroll of silence {unknown}
 e - 2 scrolls of teleportation {unknown}
 f - a scroll of blinking {unknown}
 i - 2 scrolls of fog {unknown}
 j - 4 scrolls of enchant weapon {unknown}
 k - a scroll of magic mapping {unknown}
 u - a scroll of butterflies {unknown}
 x - a scroll of identify
Potions
 d - a potion of mutation {unknown}
 g - 4 potions of curing
 h - 3 potions of ambrosia {unknown}
 m - 2 potions of lignification {unknown}
 o - 3 potions of brilliance
 q - 3 potions of heal wounds {unknown}
 r - a potion of invisibility {unknown}
 s - 2 potions of might {unknown}
 t - a potion of berserk rage
 v - a potion of haste {unknown}
 w - 6 potions of degeneration
 z - a potion of resistance {unknown}


   Skills:
 + Level 2.6 Fighting
 + Level 2.6 Short Blades
 + Level 2.6 Long Blades
 + Level 2.6 Axes
 + Level 2.6 Maces & Flails
 + Level 2.6 Polearms
 + Level 2.6 Staves
 + Level 2.6 Ranged Weapons
 + Level 2.6 Throwing
 + Level 2.6 Armour
 + Level 5.3 Dodging
 + Level 5.0 Stealth
 + Level 2.6 Shields
 + Level 2.6 Unarmed Combat
 + Level 5.6 Spellcasting
 + Level 3.0 Conjurations
 + Level 2.1 Hexes
 + Level 2.1 Summonings
 + Level 2.1 Necromancy
 + Level 2.1 Translocations
 + Level 2.1 Transmutations
 + Level 5.9 Fire Magic
 + Level 2.1 Ice Magic
 + Level 2.1 Air Magic
 + Level 2.1 Earth Magic
 + Level 2.1 Poison Magic
 + Level 2.9 Invocations
 + Level 2.6 Evocations


You had 14 spell levels left.
You knew the following spells:

 Your Spells              Type           Power      Damage    Failure   Level
a - Foxfire               Conj/Fire      100%       2x1d9     2%          1
b - Scorch                Fire           74%        2d8       1%          2

Your spell library contained the following spells:

 Spells                   Type           Power      Damage    Failure   Level
 Necrotise                Necr           72%        1d7       5%          1
 Sandblast                Erth           36%        2d10      5%          1
 Inner Flame              Hex/Fire       27%        N/A       8%          3
 Volatile Blastmotes      Fire/Tloc      54%        2d14      8%          3
 Passwall                 Tmut/Erth      15%        N/A       9%          2
 Stone Arrow              Conj/Erth      40%        3d9       14%         3
 Vampiric Draining        Necr           18%        2d7       17%         3
 Flame Wave               Conj/Fire      30%        2d9       22%         4
 Agony                    Necr           18%        N/A       83%         5


Dungeon Overview and Level Annotations

Branches:
Dungeon (4/15)             Temple (1/1) D:4         Ossuary (visited)

Altars:
Ashenzari
Cheibriados
Dithmenos
Elyvilon
Fedhas
Gozag
Hepliaklqana
Kikubaaqudgha
Makhleb
Nemelex Xobeh
Okawaru
Ru
Sif Muna
Trog
Uskayaw
Vehumet
Wu Jian
Xom
Yredelemnul
Zin
The Shining One

Shops:
D:3 [

Annotations:
D:3 1 runed translucent door, baller8008's ghost, amateur MiFi
D:4 Crazy Yiuf


Innate Abilities, Weirdness & Mutations

You have very sharp teeth.
Your uncanny sense of smell can sniff out nearby items.
Your experience applies equally to all skills.


Message History

Crazy Yiuf's fire resistance burns away.
Unknown command.
Casting: Scorch (safe; 1% risk of failure)
Confirm with . or Enter, or press ? or * to list all spells.
You feel a surge of power!
Flames lash Crazy Yiuf.
Crazy Yiuf is burned terribly!
Crazy Yiuf is moderately wounded.
Crazy Yiuf hits you with a +4 quarterstaff of chaos!
Crazy Yiuf freezes you.
Crazy Yiuf hits you with a +4 quarterstaff of chaos.
Crazy Yiuf burns you.
Casting: Scorch (safe; 1% risk of failure)
Confirm with . or Enter, or press ? or * to list all spells.
You feel a surge of power!
You miscast Scorch.
You are very lightly contaminated with residual magic.
Nothing appears to happen.
Crazy Yiuf closely misses you.
Unknown command.
Casting: Scorch (safe; 1% risk of failure)
Confirm with . or Enter, or press ? or * to list all spells.
You feel a surge of power!
Flames lash Crazy Yiuf.
Crazy Yiuf is burned terribly!
Crazy Yiuf is severely wounded.
Crazy Yiuf closely misses you.
Crazy Yiuf hits you with a +4 quarterstaff of chaos!!
You feel drained.
* * * LOW HITPOINT WARNING * * *
You feel better. Crazy Yiuf barely misses you.
Casting: Scorch (safe; 1% risk of failure)
Confirm with . or Enter, or press ? or * to list all spells.
You feel a surge of power!
Flames lash Crazy Yiuf.
Crazy Yiuf is burned terribly!
Crazy Yiuf is severely wounded.
Crazy Yiuf misses you.
Crazy Yiuf hits you with a +4 quarterstaff of chaos!
* * * LOW HITPOINT WARNING * * *
Crazy Yiuf burns you.
* * * LOW HITPOINT WARNING * * *
You feel better.
Crazy Yiuf hits you with a +4 quarterstaff of chaos!
You die...

....#.#.#.....#
##.##...#..####
......#.#..#
.###.##....# #####
........#..# #)..#
##.###.##..# #...#
..#######..# ...
###...# ##.# #g#
......# #.# ♣@♣♣
###...####.# ♣♣.♣ #
##.......# ♣.♣♣ ##
#.####### ♣♣.♣
.###.# ♣♣.♣♣ .....#
♣♣...♣ .###.# ♣P..P♣
####.####### ##..##
..##.......####....#


You could see Crazy Yiuf (berserk, combustible).

Vanquished Creatures
  Eustachio (D:4)
  A sky beast (D:4)
  A human zombie (Ossuary)
  An orc priest (D:4)
  A hound (D:4)
  Natasha (twice) (D:2)
  4 mummies (Ossuary)
  3 gnolls (D:2)
  4 adders
  An ufetubus (D:4)
  3 worms
  2 dart slugs
  7 orcs (D:4)
  6 ball pythons
  11 endoplasms
  2 giant cockroaches (D:3)
  A gnoll zombie (Ossuary)
  7 goblins
  8 hobgoblins
  8 jackals
  3 kobolds
  4 quokkas
  6 bats
  2 goblin zombies
  2 hobgoblin zombies (Ossuary)
  3 kobold zombies (Ossuary)
  3 rats
97 creatures vanquished.

Vanquished Creatures (others)
  412 foxfires
  3 fungi (D:4)
415 creatures vanquished.

Grand Total: 512 creatures vanquished

Notes
Turn   | Place    | Note
-------+----------+-------------------------------------------
     0 | D:1      | retardedninja the Gnoll Fire Elementalist began the quest
                  | for the Orb.
     0 | D:1      | Reached XP level 1. HP: 13/13 MP: 6/6
   153 | D:1      | Reached XP level 2. HP: 12/19 MP: 1/7
  1045 | D:1      | Reached skill level 5 in Spellcasting
  1045 | D:1      | Reached XP level 3. HP: 10/25 MP: 2/9
  1638 | D:1      | Reached skill level 1 in Invocations
  2157 | D:1      | Learned a level 2 spell: Scorch
  2162 | D:2      | Reached skill level 1 in Fighting
  2162 | D:2      | Reached skill level 1 in Short Blades
  2162 | D:2      | Reached skill level 1 in Long Blades
  2162 | D:2      | Reached skill level 1 in Axes
  2162 | D:2      | Reached skill level 1 in Maces & Flails
  2162 | D:2      | Reached skill level 1 in Polearms
  2162 | D:2      | Reached skill level 1 in Staves
  2162 | D:2      | Reached skill level 1 in Ranged Weapons
  2162 | D:2      | Reached skill level 1 in Throwing
  2162 | D:2      | Reached skill level 1 in Armour
  2162 | D:2      | Reached skill level 1 in Shields
  2162 | D:2      | Reached skill level 1 in Unarmed Combat
  2162 | D:2      | Reached skill level 1 in Evocations
  2408 | D:2      | Reached XP level 4. HP: 32/32 MP: 6/11
  2785 | D:2      | Noticed Natasha
  2789 | D:2      | Killed Natasha
  2790 | D:2      | Reached skill level 1 in Hexes
  2790 | D:2      | Reached skill level 1 in Summonings
  2790 | D:2      | Reached skill level 1 in Necromancy
  2790 | D:2      | Reached skill level 1 in Translocations
  2790 | D:2      | Reached skill level 1 in Transmutations
  2790 | D:2      | Reached skill level 1 in Ice Magic
  2790 | D:2      | Reached skill level 1 in Air Magic
  2790 | D:2      | Reached skill level 1 in Earth Magic
  2790 | D:2      | Reached skill level 1 in Poison Magic
  2838 | D:2      | Noticed Natasha
  2846 | D:2      | Killed Natasha
  2847 | D:2      | Reached XP level 5. HP: 26/37 MP: 8/12
  2991 | D:3      | Found a glowing silver altar of Zin.
  3164 | D:3      | Found Quumee's Armour Shop.
  3174 | D:3      | Found a hide-covered altar of Uskayaw.
  3176 | D:3      | Found an iron altar of Okawaru.
  3211 | D:3      | Found a runed translucent door.
  3211 | D:3      | Noticed baller8008's ghost (amateur MiFi)
  3312 | D:3      | Found a faded altar of an unknown god.
  3688 | D:4      | Found an ornate altar of the Wu Jian Council.
  3688 | D:4      | Found a shadowy altar of Dithmenos.
  3688 | D:4      | Found a blossoming altar of Fedhas.
  3688 | D:4      | Found a radiant altar of Vehumet.
  3688 | D:4      | Found a shimmering blue altar of Sif Muna.
  3688 | D:4      | Found a shimmering altar of Xom.
  3688 | D:4      | Found a burning altar of Makhleb.
  3847 | D:4      | Found a sand-covered staircase.
  3862 | Ossuary  | Entered an ossuary
  4124 | Ossuary  | Reached XP level 6. HP: 33/44 MP: 6/13
  4344 | Ossuary  | Reached skill level 5 in Dodging
  4885 | D:4      | Noticed Eustachio
  4909 | D:4      | Killed Eustachio
  4910 | D:4      | Reached XP level 7. HP: 22/51 MP: 12/15
  5301 | D:4      | Found a staircase to the Ecumenical Temple.
  5410 | Temple   | Entered the Ecumenical Temple
  5609 | Temple   | Became a worshipper of Cheibriados the Contemplative
  6337 | D:4      | Reached skill level 5 in Stealth
  6488 | D:4      | Found a runed translucent door.
  6489 | D:4      | Noticed Crazy Yiuf
  6590 | D:4      | Slain by Crazy Yiuf

Illustrated notes

Levels and vault maps discovered:
D:1:      lightli_arrival_windingriver, layout_loops_ring,
          corexii_leaking_fountain, minmay_close_crescents
D:2:      layout_basic, uniq_natasha
D:3:      layout_rooms, nicolae_overflow_hidden_temple,
          mainiacjoe_overflow_concentric_impassable, serial_shops, shop,
          shapermc_ecumenical_altar_totnotflames, hellmonk_ghost_happy_afterlife
D:4:      layout_loops_ring, grunt_temple_overflow_open,
          minmay_temple_entry_trees, enter_ossuary_3,
          nicolae_concentric_dashed_squares_wild, uniq_eustachio,
          uniq_crazy_yiuf_cottage
Temple:   chequers_temple_sunken

Skill      XL: |  1  2  3  4  5  6  7 |
---------------+----------------------+-----
Conjurations   | 2 3 |  3.0
Spellcasting   | 5 |  5.6
Invocations    | 1 2 |  2.9
Fighting       | 1 2 |  2.6
Short Blades   | 1 2 |  2.6
Long Blades    | 1 2 |  2.6
Axes           | 1 2 |  2.6
Maces & Flails | 1 2 |  2.6
Polearms       | 1 2 |  2.6
Staves         | 1 2 |  2.6
Ranged Weapons | 1 2 |  2.6
Throwing       | 1 2 |  2.6
Armour         | 1 2 |  2.6
Shields        | 1 2 |  2.6
Unarmed Combat | 1 2 |  2.6
Evocations     | 1 2 |  2.6
Hexes          | 1 2 |  2.1
Summonings     | 1 2 |  2.1
Necromancy     | 1 2 |  2.1
Translocations | 1 2 |  2.1
Transmutations | 1 2 |  2.1
Ice Magic      | 1 2 |  2.1
Air Magic      | 1 2 |  2.1
Earth Magic    | 1 2 |  2.1
Poison Magic   | 1 2 |  2.1
Dodging        | 5 |  5.3
Stealth        | 5 |  5.0
Fire Magic     | |  5.9

Action                     |  1- 3 |  4- 6 |  7- 9 || total
---------------------------+-------+-------+-------++-------
  Melee: Unarmed           |    13 |       |       ||    13
         Flail             |       |     4 |    20 ||    24
         Bite              |       |       |     2 ||     2
   Cast: Foxfire           |    98 |   152 |    25 ||   275
         Scorch            |     3 |    15 |    18 ||    36
    Use: Scroll            |       |     2 |       ||     2
         Potion            |       |     1 |     3 ||     4
 Armour: Robe              |    12 |    13 |     6 ||    31
  Dodge: Dodged            |    68 |    56 |    30 ||   154

Table legend: (Time is in decaauts)
 A = Elapsed time spent in this place.
 B = Non-inter-level travel time spent in this place.
 C = Inter-level travel time spent in this place.
 D = Time resting spent in this place.
 E = Time spent auto-exploring this place.
 F = Levels seen in this place.
 G = Mean time per level.
                   A        B        C        D        E       F      G
               +--------+--------+--------+--------+--------+-----+--------+
         Total |   6715 |   6325 |    390 |   1270 |   3841 |   6 | 1119.2 |
       Dungeon |   5832 |   5488 |    344 |   1183 |   3336 |   4 | 1458.0 |
        Temple |    222 |    177 |     45 |      0 |    166 |   1 |  222.0 |
       Ossuary |    659 |    659 |      0 |     87 |    339 |   1 |  659.0 |
               +--------+--------+--------+--------+--------+-----+--------+

Top non-repeatable levels by time:
     D:4: 2044 daAuts
     D:1: 1760 daAuts
     D:2: 1099 daAuts
     D:3: 928 daAuts
 Ossuary: 659 daAuts
  Temple: 222 daAuts
